 Dungeon Crawl Stone Soup version 0.30-a0-12-gd8047c6341 (webtiles) character file.

Game seed: 4029790473804358016

147865 Newt the Tortoise (level 16, -21/138 HPs)
             Began as a Demonspawn Gladiator on Aug 23, 2022.
             Was an Initiate of Gozag.
             Demolished by a nagaraja
             ... wielding a +4 flail
              (30 damage)
             ... on level 4 of the Snake Pit.
             The game lasted 00:53:27 (23813 turns).

Newt the Tortoise (Demonspawn Gladiator)           Turns: 23813, Time: 00:53:29

Health: -21/138    AC: 27    Str: 19    XL:     16   Next: 92%
Magic:  16/16      EV: 14    Int: 16    God:    Gozag
Gold:   2736       SH:  0    Dex: 10    Spells: 15/15 levels left

rFire   + . .      SeeInvis .    a - +8 lajatang (spect)
rCold   + . .      Faith    .    (shield currently unavailable)
rNeg    . . .      Spirit   .    L - +2 plate armour {Will+}
rPois   .          Reflect  .    (helmet restricted)
rElec   .          Harm     .    K - +5 cloak of Hoos {+Inv Regen+ Dex-4}
rCorr   .          Rampage  .    U - +0 pair of gloves
Will    ++...      NoTele   +    (no boots)
Stlth   ..........               W - amulet of regeneration
HPRegen 1.93/turn                l - ring of Xom's Entertainment {rF+ rC+}
MPRegen 0.15/turn                d - +4 ring of slaying

@: confused, ambrosia-drunk, untranslocatable, invisible, repel missiles
A: hooves 2, repulsion field 3, powered by death 1, spiny 2, horns 1, clever 1,
robust 1
a: Renounce Religion, Evoke Invisibility, Potion Petition, Call Merchant, Bribe
Branch


You were on level 4 of the Snake Pit.
You worshipped Gozag.
Gozag was most pleased with you.
You visited 4 branches of the dungeon, and saw 24 of its levels.
You also visited: Gauntlet and Ice Cave.

You collected 8805 gold pieces.
You spent 3287 gold pieces at shops.
You paid 2782 gold pieces to Gozag.

Inventory:

Hand Weapons
 a - a +8 spectral lajatang (weapon)
 b - a +0 sling
 i - a +0 rapier
Missiles
 e - 8 javelins (quivered)
 p - 17 silver javelins
 M - 7 throwing nets
Armour
 u - a +3 leather armour of cold resistance
 K - the +5 cloak of Hoos (worn) {+Inv Regen+ Dex-4}
   (You found it on level 1 of the Snake Pit)

   Dex:       It affects your dexterity (-4).
   +Inv:      It lets you turn invisible.
   Regen:     It increases your rate of health regeneration.
 L - a +2 plate armour of willpower (worn)
 Q - a +4 ring mail of willpower
 R - the +5 leather armour "Oziteg" {Str+3 Dex+6}
   (You bought it in a shop on level 13 of the Dungeon)

   Str:       It affects your strength (+3).
   Dex:       It affects your dexterity (+6).
 U - a +0 pair of gloves (worn)
 Z - the +4 leather armour of the Undertaker {rCorr Int+5}
   (You found it on level 1 of the Lair of Beasts)

   Int:       It affects your intelligence (+5).
   rCorr:     It protects you from acid and corrosion.
Jewellery
 c - a ring of protection from fire
 d - a +4 ring of slaying (right hand)
 l - the ring of Xom's Entertainment (left hand) {rF+ rC+}
   (You found it in a Gauntlet)

   [ring of protection from cold]

   rF:        It protects you from fire.
   rC:        It protects you from cold.
 o - the ring of Egroyc {Fly rPois rCorr Dex+6}
   (You took it off a centaur warrior on level 9 of the Dungeon)

   [ring of dexterity]

   Dex:       It affects your dexterity (+6).
   rPois:     It protects you from poison.
   Fly:       It grants you flight.
   rCorr:     It protects you from acid and corrosion.
 J - the amulet "Ciuvir" {Acrobat rN++ Str-5}
   (You took it off an orc warrior on level 9 of the Dungeon)

   [amulet of the acrobat]

   It increases your evasion while moving and waiting.
   Str:       It affects your strength (-5).
   rN:        It greatly protects you from negative energy.
 W - an amulet of regeneration (around neck)
Wands
 j - a wand of flame (24)
 w - a wand of digging (9)
 B - a wand of paralysis (28)
 D - a wand of polymorph (30)
 N - a wand of iceblast (14)
 P - a wand of mindburst (23)
Scrolls
 n - 8 scrolls of amnesia
 v - 11 scrolls of teleportation
 z - 2 scrolls of magic mapping
 E - 5 scrolls of blinking
 F - 2 scrolls of silence
 I - 2 scrolls of enchant armour
 O - 3 scrolls of brand weapon
 S - a scroll of poison
 T - 4 scrolls of fear
Potions
 f - 15 potions of curing
 g - a potion of invisibility
 m - a potion of ambrosia
 s - a potion of haste
 C - 3 potions of berserk rage
 G - 2 potions of resistance
 H - 5 potions of lignification
 V - 3 potions of cancellation
 X - 3 potions of mutation
 Y - 3 potions of might
Miscellaneous
 q - a piece from Xom's chessboard (15/15)
 t - a phantom mirror
 y - a phial of floods


   Skills:
 + Level 11.5 Fighting
 - Level 4.0 Short Blades
 - Level 14.0 Staves
 - Level 0.2 Ranged Weapons
 - Level 3.0 Throwing
 - Level 15.0 Armour
 - Level 14.0 Dodging
 - Level 2.0 Stealth
 - Level 6.0 Summonings
 - Level 10.0 Evocations


You had 15 spell levels left.
You didn't know any spells.
Your spell library contained the following spells:

 Spells                   Type           Power      Damage    Failure   Level
 Summon Guardian Golem    Hex/Summ       9%         N/A       95%         3
 Sandblast                Erth           0%         2d4       97%         1
 Sting                    Tmut/Pois      0%         1d3       97%         1
 Passwall                 Tmut/Erth      0%         N/A       99%         2
 Ozocubu's Armour         Ice            0%         N/A       100%        3
 Spider Form              Tmut/Pois      0%         N/A       100%        3
 Stone Arrow              Conj/Erth      0%         3d7       100%        3
 Tukima's Dance           Hex            0%         N/A       100%        3
 Hailstorm                Conj/Ice       0%         3d3       100%        4
 Ice Form                 Ice/Tmut       0%         N/A       100%        4
 Passage of Golubria      Tloc           0%         N/A       100%        4
 Petrify                  Tmut/Erth      0%         N/A       100%        4
 Borgnjor's Vile Clutch   Necr/Erth      0%         N/A       100%        5
 Fireball                 Conj/Fire      0%         3d3       100%        5
 Freezing Cloud           Conj/Ice/Air   0%         6-21      100%        5
 Metabolic Englaciation   Hex/Ice        0%         N/A       100%        5
 Yara's Violent Unravell  Hex/Tmut       0%         3d3       100%        5
 Death Channel            Necr           0%         N/A       100%        6
 Starburst                Conj/Fire      0%         6d3       100%        6
 Statue Form              Tmut/Erth      0%         N/A       100%        6
 Orb of Destruction       Conj           0%         9d5       100%        7
 Spellforged Servitor     Conj/Summ      4%         N/A       100%        7
 Ignition                 Fire           0%         3d3       100%        8
 Polar Vortex             Ice            0%         N/A       100%        9
 Animate Dead             Necr           Unusable   N/A       N/A         4
 Simulacrum               Ice/Necr       Unusable   N/A       N/A         6

Dungeon Overview and Level Annotations

Branches:
Dungeon (14/15)            Temple (1/1) D:6            Lair (5/5) D:10
 Shoals (0/4) Lair:3        Snake (4/4) Lair:3        Slime (0/5) Lair:4
    Orc (0/2) D:10         Vaults (0/5) D:13          IceCv (visited)
Gauntlet (visited)

Altars:
Ashenzari
Cheibriados
Dithmenos
Fedhas
Gozag
Hepliaklqana
Kikubaaqudgha
Makhleb
Nemelex Xobeh
Okawaru
Qazlal
Ru
Sif Muna
Trog
Uskayaw
Vehumet
Wu Jian
Xom
Yredelemnul
Jiyva

Shops:
D:4 [   D:5 =   D:10 (   D:11 (   D:12 (=   D:13 [   Lair:5 *   Snake:1 ?*:
Snake:2 (   Snake:3 :**

Portals:
Trove: D:10 (give 2 scrolls of acquirement)

Annotations:
D:9 2 runed translucent doors
D:12 exclusion: orange crystal statue
Temple 2 transporters
Lair:4 exclusion: oklob plant


Innate Abilities, Weirdness & Mutations

You have hoof-like feet.
You are surrounded by a strong repulsion field. (EV +4, RMsl)
You regenerate a little health from kills.
You are mostly covered in sharp spines.
You have a pair of small horns on your head.
Your mind is acute. (Int +4, Str/Dex -1)
You are robust. (+10% HP)


Message History

The nagaraja is moderately wounded.
You feel sick.
The nagaraja hits you but does no damage.
Unknown command.
You slice the nagaraja!! Your kick misses the nagaraja.
You headbutt the nagaraja!
The nagaraja is severely wounded.
You feel sick. The nagaraja is struck by your spines.
The nagaraja hits you with a +4 flail!!
* * * LOW HITPOINT WARNING * * *
Unknown command.
You cannot blink because you are locked down by a dimension anchor.
The nagaraja attacks as you move away! The nagaraja barely misses you.
You feel sick. The nagaraja spits poison at you.
The splash of poison hits you but does no damage.
You are more poisoned.
The nagaraja casts a spell at you.
You feel more firmly anchored in space.
You cannot blink because you are locked down by a dimension anchor.
You feel very sick. The naga is struck by your spines.
The naga hits you with a +0 scimitar!
* * * LOW HITPOINT WARNING * * *
Unknown command.
You feel better.
The nagaraja no longer looks unusually strong.
The naga misses you.
Okay, then.
You fade into invisibility!
The naga warrior no longer looks unusually strong.
The nagaraja hits you with a +4 flail!
* * * LOW HITPOINT WARNING * * *
The naga spits poison at you.
The splash of poison is repelled.
The naga warrior roars a battlecry!
The nagaraja goes into a battle-frenzy!
You are confused.
You feel invigorated. The nagaraja hits you with a +4 flail!!
You die...
Your body crumbles into a pile of gold.

#............. ###
#.........# ###.#
##'#'## ####...#
###.....###......#
##...~~~...##......
#N#NN~≈~..#.#...###
#.#..~≈~..# #...#..
#N#N.~≈~..#.#..##..
##@..~~~...##..#...
$ ###.....###...##..
##'''###.....#..
.##....)##.....###
....##
..........)).......
......
........)).........
.....
....................
...#
.................##.
...#
.................#..


You could see a nagaraja (fast, strong), 2 naga warriors, a naga mage (fast) and
a naga (strong, catching breath).

Vanquished Creatures
  Kirke (Lair:3)
  3 nagarajas
  A reaper (IceCv)
  A minotaur (Gauntlet)
  Josephine (D:13)
  A fire dragon (D:14)
  3 hydras
  Harold (D:11)
  3 centaur warriors
  4 boulder beetles
  A salamander tyrant (Snake:4)
  8 vault guards (D:13)
  A two-headed ogre (D:10)
  13 naga warriors
  9 anacondas
  2 tengu warriors
  16 death yaks
  5 shock serpents
  Urug (D:11)
  Nergalle (D:11)
  7 naga sharpshooters
  A salamander mystic (Snake:2)
  A goliath frog (Lair:5)
  A sea snake (Snake:4)
  6 naga ritualists
  A swamp dragon (shapeshifter) (D:9)
  11 mana vipers
  7 oklob plants (Lair:4)
  A manticore (D:9)
  5 ugly things
  2 cyclopes
  A moth of wrath (Gauntlet)
  17 salamanders
  38 black mambas
  2 ice statues
  4 elephants (Lair:5)
  An eye of devastation (Gauntlet)
  24 naga magi
  A torpor snail (Gauntlet)
  6 guardian serpents
  7 gargoyles
  The ghost of siradein the Trooper, a novice DsFi of Yredelemnul (D:5)
  22 cane toads
  A cane toad (shapeshifter) (D:9)
  A kobold demonologist (D:10)
  An efreet (D:12)
  An unseen horror (D:11)
  8 komodo dragons
  5 anaconda simulacra (IceCv)
  2 ice devils (Lair:5)
  2 tengu conjurers
  2 rime drakes
  4 tyrant leeches (Lair:5)
  2 trolls
  2 hornets
  14 blink frogs
  3 slime creatures (D:12)
  14 dream sheep
  3 shadows
  7 wraiths
  55 yaks
  A vampire (D:9)
  A hog (Lair:3)
  A dire elephant simulacrum (IceCv)
  3 wyverns
  A golden eye (Gauntlet)
  A basilisk (D:13)
  2 steam dragons
  23 vampire mosquitoes
  2 death yak simulacra (IceCv)
  Menkaure (D:5)
  50 nagas
  3 acid dragons
  7 water moccasins
  8 orc warriors
  An ice beast (D:5)
  18 wolves
  A sky beast (D:7)
  10 centaurs
  2 kobold brigands (D:9)
  11 bullfrogs
  A cane toad simulacrum (IceCv)
  4 gnoll sergeants
  A scorpion (D:5)
  8 two-headed ogre simulacra (IceCv)
  6 small abominations (Gauntlet)
  14 wights
  9 killer bees
  An elephant simulacrum (IceCv)
  3 howler monkeys
  3 electric eels
  2 gnoll boudas
  3 hounds
  7 orc priests
  Crazy Yiuf (D:5)
  2 iguanas (D:5)
  2 polar bear simulacra (IceCv)
  12 orc wizards
  13 hell rats
  11 spriggan simulacra (IceCv)
  4 troll simulacra (IceCv)
  A centaur simulacrum (D:5)
  3 scorpion simulacra (D:5)
  A killer bee simulacrum (D:5)
  30 gnolls
  6 adders
  4 naga simulacra (IceCv)
  6 shadow imps (D:6)
  13 white imps
  2 howler monkey simulacra (D:5)
  6 ufetubi
  A dart slug (D:2)
  26 orcs
  3 bats
  6 endoplasms
  3 giant cockroaches (D:1)
  5 goblins
  5 hobgoblins
  2 jackals (D:4)
  5 quokkas
  4 ball pythons
  4 frilled lizards
  4 kobolds
  8 rats
772 creatures vanquished.

Vanquished Creatures (others)
  A fire dragon (D:9)
  A naga warrior (Snake:4)
  A human (Lair:3)
  A water moccasin (D:9)
  A wolf (Lair:3)
  9 demonic plants (Gauntlet)
  12 fungi
  45 plants
71 creatures vanquished.

Grand Total: 843 creatures vanquished

Notes
Turn   | Place    | Note
-------+----------+-------------------------------------------
     0 | D:1      | Newt the Demonspawn Gladiator began the quest for the Orb.
     0 | D:1      | Reached XP level 1. HP: 16/16 MP: 1/1
   203 | D:1      | Reached skill level 1 in Stealth
   270 | D:1      | Gained mutation: You are partially covered in sharp spines.
                  | [demonic ancestry]
   270 | D:1      | Reached XP level 2. HP: 7/22 MP: 2/2
   617 | D:1      | Reached XP level 3. HP: 14/27 MP: 3/3
  1834 | D:3      | Reached XP level 4. HP: 30/33 MP: 4/4
  1929 | D:3      | Identified a scroll of acquirement
  1929 | D:3      | Acquired a +2 spectral lajatang
  2191 | D:3      | Reached skill level 1 in Staves
  3018 | D:4      | Found Vyoxi's Antique Armour Boutique.
  3021 | D:4      | Bought a glowing chain mail for 202 gold pieces
  3126 | D:5      | Entered Level 5 of the Dungeon
  3150 | D:5      | Reached XP level 5. HP: 38/38 MP: 5/5
  3162 | D:5      | Reached XP level 6. HP: 37/44 MP: 6/6
  3162 | D:5      | Noticed an ice beast
  3168 | D:5      | Killed an ice beast
  3177 | D:5      | Reached skill level 5 in Staves
  3206 | D:5      | Found a runed translucent gate.
  3206 | D:5      | Found a runed translucent gate.
  3206 | D:5      | Found a runed translucent gate.
  3431 | D:5      | Noticed Menkaure
  3433 | D:5      | Gained mutation: You are surrounded by a mild repulsion
                  | field. (EV +2) [demonic ancestry]
  3433 | D:5      | Reached XP level 7. HP: 21/50 MP: 7/7
  3640 | D:5      | Killed Menkaure
  3829 | D:5      | Found Piummur's Jewellery Shop.
  3864 | D:5      | Found a runed translucent door.
  3865 | D:5      | Noticed Crazy Yiuf
  3941 | D:5      | Noticed siradein's ghost (novice DsFi)
  4291 | D:5      | Reached skill level 1 in Armour
  4414 | D:5      | Killed siradein's ghost
  4415 | D:5      | Reached skill level 3 in Armour
  4415 | D:5      | Gained mutation: You have large cloven feet. [demonic
                  | ancestry]
  4415 | D:5      | Reached XP level 8. HP: 60/60 MP: 8/8
  4511 | D:5      | Killed Crazy Yiuf
  4512 | D:5      | Reached skill level 4 in Armour
  4964 | D:6      | Found a staircase to the Ecumenical Temple.
  5063 | Temple   | Entered the Ecumenical Temple
  5063 | Temple   | Found a transporter.
  5063 | Temple   | Found a transporter.
  5065 | Temple   | Found a transporter.
  5065 | Temple   | Found a transporter.
  5083 | Temple   | Became a worshipper of Gozag Ym Sagoz the Greedy
  5619 | D:7      | Noticed a gargoyle
  5622 | D:7      | Killed a gargoyle
  5623 | D:7      | Reached XP level 9. HP: 46/65 MP: 9/9
  5729 | D:7      | Noticed a gargoyle
  5733 | D:7      | Killed a gargoyle
  5825 | D:7      | Noticed a gargoyle
  5828 | D:7      | Killed a gargoyle
  5838 | D:7      | Noticed a gargoyle
  5841 | D:7      | Killed a gargoyle
  5850 | D:7      | Noticed a gargoyle
  5854 | D:7      | Killed a gargoyle
  5855 | D:7      | Reached skill level 10 in Staves
  6720 | D:8      | Reached skill level 5 in Evocations
  6723 | D:8      | Gained mutation: You are surrounded by a moderate repulsion
                  | field. (EV +3) [demonic ancestry]
  6723 | D:8      | Reached XP level 10. HP: 41/71 MP: 10/10
  7056 | D:8      | Reached skill level 5 in Fighting
  7438 | D:9      | Found a broken altar of Ashenzari.
  7441 | D:9      | Found a sacrificial altar of Ru.
  8001 | D:8      | Reached skill level 5 in Armour
  8100 | D:9      | Found a runed translucent door.
  8101 | D:9      | Noticed a fire dragon
  8101 | D:9      | Found a runed translucent door.
  8101 | D:9      | Noticed a green ugly thing
  8101 | D:9      | Noticed a manticore
  8110 | D:9      | Reached skill level 6 in Armour
  8130 | D:9      | Noticed a cane toad
  8135 | D:9      | Killed a cane toad
  8258 | D:9      | Noticed a gargoyle
  8348 | D:9      | Gained mutation: You are frail. (-10% HP) [potion of
                  | mutation]
  8348 | D:9      | Gained mutation: You are occasionally teleported next to
                  | monsters. [potion of mutation]
  8348 | D:9      | Gained mutation: Your spells are a little easier to cast,
                  | but a little less powerful. [potion of mutation]
  8348 | D:9      | Lost mutation: Your spells are a little easier to cast, but
                  | a little less powerful. [potion of mutation]
  8349 | D:9      | Lost mutation: You are occasionally teleported next to
                  | monsters. [potion of mutation]
  8349 | D:9      | Lost mutation: You are frail. (-10% HP) [potion of
                  | mutation]
  8349 | D:9      | Gained mutation: Your spells are a little easier to cast,
                  | but a little less powerful. [potion of mutation]
  8349 | D:9      | Gained mutation: You occasionally shout uncontrollably at
                  | your foes. [potion of mutation]
  8349 | D:9      | Gained mutation: You are somewhat resistant to further
                  | mutation. [potion of mutation]
  8350 | D:9      | Lost mutation: You occasionally shout uncontrollably at
                  | your foes. [potion of mutation]
  8350 | D:9      | Lost mutation: You are somewhat resistant to further
                  | mutation. [potion of mutation]
  8350 | D:9      | Lost mutation: Your spells are a little easier to cast, but
                  | a little less powerful. [potion of mutation]
  8350 | D:9      | Gained mutation: You have a pair of small horns on your
                  | head. [potion of mutation]
  8350 | D:9      | Gained mutation: You are robust. (+10% HP) [potion of
                  | mutation]
  8350 | D:9      | Gained mutation: Your mind is acute. (Int +4, Str/Dex -1)
                  | [potion of mutation]
  8386 | D:9      | Noticed a swamp dragon
  8391 | D:9      | Killed a swamp dragon
  8392 | D:9      | Reached skill level 7 in Armour
  8394 | D:9      | Identified the amulet "Huseet" {RegenMP MP+9}
  8394 | D:9      | Noticed a centaur warrior
  8399 | D:9      | Identified the ring of Rurghea {AC+4 Int+5}
  8412 | D:9      | Reached skill level 8 in Armour
  8413 | D:9      | Identified the ring of Egroyc {Fly rPois rCorr Dex+6}
  8413 | D:9      | Noticed a centaur warrior
  8419 | D:9      | Found a stormy altar of Qazlal.
  8425 | D:9      | Gained mutation: You are surrounded by a strong repulsion
                  | field. (EV +4, RMsl) [demonic ancestry]
  8425 | D:9      | Reached XP level 11. HP: 52/89 MP: 11/11
  8466 | D:9      | Found a shadowy altar of Dithmenos.
  8466 | D:9      | Found an iron altar of Okawaru.
  8468 | D:9      | Found a sparkling altar of Nemelex Xobeh.
  8470 | D:9      | Killed a centaur warrior
  8633 | D:9      | Found a blossoming altar of Fedhas.
  8636 | D:9      | Identified the amulet "Ciuvir" {Acrobat rN++ Str-5}
  8848 | D:9      | Noticed a white ugly thing
  8859 | D:9      | Noticed a purple ugly thing
  8863 | D:9      | Killed a white ugly thing
  8867 | D:9      | Killed a centaur warrior
  8881 | D:9      | Killed a purple ugly thing
  9212 | D:9      | Found a runed translucent door.
  9212 | D:9      | Noticed a boulder beetle
  9426 | D:10     | Entered Level 10 of the Dungeon
  9437 | D:10     | Noticed a death yak
  9446 | D:10     | Killed a death yak
  9558 | D:10     | Noticed a death yak
  9560 | D:10     | Found a staircase to the Lair.
  9563 | D:10     | Noticed a death yak
  9564 | D:10     | Killed a death yak
  9565 | D:10     | Noticed a death yak
  9565 | D:10     | Noticed a death yak
  9565 | D:10     | Noticed a death yak
  9572 | D:10     | Noticed a death yak
  9580 | D:10     | Killed a death yak
  9584 | D:10     | Killed a death yak
  9587 | D:10     | Killed a death yak
  9589 | D:10     | Killed a death yak
  9590 | D:10     | Gained mutation: You regenerate a little health from kills.
                  | [demonic ancestry]
  9590 | D:10     | Reached XP level 12. HP: 84/96 MP: 12/12
  9594 | D:10     | Killed a death yak
  9741 | D:10     | Noticed a boulder beetle
  9771 | D:10     | Killed a boulder beetle
 10003 | D:10     | Noticed a two-headed ogre
 10010 | D:10     | Killed a two-headed ogre
 10125 | D:10     | Found a staircase to the Orcish Mines.
 10176 | D:10     | Found a portal to a secret trove of treasure.
 10510 | D:10     | Found Koust's Weapon Boutique.
 10656 | D:11     | Noticed Harold
 10656 | D:11     | Noticed Urug
 10689 | D:11     | Killed Urug
 10693 | D:11     | Killed Harold
 11007 | D:11     | Noticed Nergalle
 11017 | D:11     | Killed Nergalle
 11403 | D:12     | Reached skill level 10 in Fighting
 11437 | D:12     | Noticed a centaur warrior
 11442 | D:12     | Killed a centaur warrior
 11453 | D:12     | Reached skill level 5 in Dodging
 11507 | D:12     | Found Gojodam's Weapon Emporium.
 11508 | D:12     | Noticed a boulder beetle
 11518 | D:12     | Killed a boulder beetle
 11630 | D:12     | Noticed a tengu warrior
 11635 | D:12     | Killed a tengu warrior
 11636 | D:12     | Reached XP level 13. HP: 113/113 MP: 13/13
 12051 | D:12     | Found Coss's Jewellery Emporium.
 12059 | D:12     | Bought an amulet of regeneration for 360 gold pieces
 12136 | D:12     | Found a runed translucent door.
 12143 | D:12     | Noticed a crystal guardian
 12143 | D:12     | Noticed a crystal guardian
 12618 | D:13     | Noticed Josephine
 12629 | D:13     | Killed Josephine
 12747 | D:13     | Bought the +5 leather armour "Oziteg" {Str+3 Dex+6} for 529
                  | gold pieces
 12826 | D:13     | Found a gate to the Vaults.
 13118 | D:14     | Noticed a fire dragon
 13120 | D:14     | Killed a fire dragon
 13540 | D:9      | Killed a fire dragon
 13541 | D:9      | Reached skill level 10 in Evocations
 13545 | D:9      | Reached skill level 1 in Summonings
 13699 | Lair:1   | Entered Level 1 of the Lair of Beasts
 13983 | Lair:1   | Identified the +4 leather armour of the Undertaker {rCorr
                  | Int+5}
 14893 | Lair:2   | Reached XP level 14. HP: 107/121 MP: 14/14
 15607 | Lair:3   | Noticed Kirke
 15610 | Lair:3   | Reached skill level 5 in Summonings
 15614 | Lair:3   | Noticed a sphinx
 15615 | Lair:3   | Killed Kirke
 15835 | Lair:3   | Found a staircase to the Snake Pit.
 16005 | Lair:3   | Found a staircase to the Shoals.
 16378 | Lair:4   | Found a gate leading to a gauntlet.
 16387 | Gauntlet | Entered a Gauntlet
 16387 | Gauntlet | Noticed a balrug
 16387 | Gauntlet | Found a transporter.
 16387 | Gauntlet | Found a transporter.
 16388 | Gauntlet | Found a transporter.
 16391 | Gauntlet | Found a transporter.
 16393 | Gauntlet | Found a large runed translucent door.
 16394 | Gauntlet | Found a large runed translucent door.
 16395 | Gauntlet | Found a large runed translucent door.
 16395 | Gauntlet | Found a large runed translucent door.
 16395 | Gauntlet | Found a runed translucent door.
 16396 | Gauntlet | Found a large runed translucent door.
 16397 | Gauntlet | Found a large runed translucent door.
 16398 | Gauntlet | Found a large runed translucent door.
 16398 | Gauntlet | Found a large runed translucent door.
 16399 | Gauntlet | Found a runed translucent gate.
 16401 | Gauntlet | Found a transporter.
 16416 | Gauntlet | Found a transporter.
 16424 | Gauntlet | Found a transporter.
 16443 | Gauntlet | Found a transporter.
 16451 | Gauntlet | Found a transporter.
 16469 | Gauntlet | Found a transporter.
 16512 | Gauntlet | Found a large runed translucent door.
 16513 | Gauntlet | Found a large runed translucent door.
 16514 | Gauntlet | Found a large runed translucent door.
 16514 | Gauntlet | Found a large runed translucent door.
 16514 | Gauntlet | Found a runed translucent door.
 16515 | Gauntlet | Found a large runed translucent door.
 16516 | Gauntlet | Found a large runed translucent door.
 16517 | Gauntlet | Found a large runed translucent door.
 16517 | Gauntlet | Found a large runed translucent door.
 16518 | Gauntlet | Found a runed translucent gate.
 16518 | Gauntlet | Found a runed translucent gate.
 16520 | Gauntlet | Found a transporter.
 16552 | Gauntlet | Found a transporter.
 16693 | Gauntlet | Reached skill level 10 in Dodging
 16797 | Gauntlet | Identified the ring of Xom's Entertainment {rF+ rC+}
 16840 | Gauntlet | Identified the +7 rapier of Gaesuq {freeze, *Slow rN+ Str+2
                  | Dex+3}
 16840 | Gauntlet | Identified the +8 dire flail of the Undead {antimagic, rN+}
 17148 | Lair:4   | Found a blossoming altar of Fedhas.
 17267 | Lair:4   | Found a viscous altar of Jiyva.
 17268 | Lair:4   | Found a staircase to the Slime Pits.
 17615 | Lair:5   | Entered Level 5 of the Lair of Beasts
 17683 | Lair:5   | Found a frozen archway.
 17704 | Lair:5   | Bought a scroll of enchant weapon for 247 gold pieces
 17704 | Lair:5   | Bought a fizzy yellow potion for 29 gold pieces
 17711 | IceCv    | Entered an ice cave
 18232 | IceCv    | Noticed a reaper
 18297 | IceCv    | Killed a reaper
 18554 | Lair:5   | Gained mutation: You have hoof-like feet. [demonic
                  | ancestry]
 18554 | Lair:5   | Reached XP level 15. HP: 118/126 MP: 15/15
 18784 | Lair:5   | Got Sif Muna's Compilation of Blight
 19496 | Snake:1  | Entered Level 1 of the Snake Pit
 19645 | Snake:1  | Found Otoga's Book Emporium.
 19698 | Snake:1  | Identified the +5 cloak of Hoos {+Inv Regen+ Dex-4}
 19799 | Snake:1  | Reached skill level 9 in Armour
 19990 | Snake:1  | Found Qokih's Magic Scroll Emporium.
 19995 | Snake:1  | Found Tead's Assorted Antiques.
 19998 | Snake:1  | Bought a scroll of teleportation for 54 gold pieces
 19998 | Snake:1  | Bought a scroll of teleportation for 54 gold pieces
 20002 | Snake:1  | Bought a shiny plate armour for 1040 gold pieces
 20002 | Snake:1  | Bought 2 potions of might for 320 gold pieces
 20166 | Snake:1  | Reached skill level 10 in Armour
 20592 | Snake:2  | Noticed a nagaraja
 20606 | Snake:2  | Killed a nagaraja
 20698 | Snake:2  | Found Tunigeopn's Firing Range.
 20703 | Snake:2  | Bought a throwing net for 36 gold pieces
 20703 | Snake:2  | Bought 6 silver javelins for 172 gold pieces
 20703 | Snake:2  | Bought 5 silver javelins for 144 gold pieces
 20733 | Snake:2  | Reached skill level 11 in Armour
 20976 | Snake:2  | Reached skill level 12 in Armour
 20976 | Snake:2  | Gained mutation: You are mostly covered in sharp spines.
                  | [demonic ancestry]
 20976 | Snake:2  | Reached XP level 16. HP: 78/134 MP: 16/16
 21587 | Snake:3  | Reached skill level 13 in Armour
 21722 | Snake:3  | Identified the +0 helmet of the Cuttlefish {Rampage rPois
                  | rF- rN+}
 21832 | Snake:3  | Found Rasel's Book Shoppe.
 21993 | Snake:3  | Reached skill level 14 in Armour
 22492 | Snake:3  | Found Qupimuer's General Store.
 22495 | Snake:3  | Found Geoxam's Specific Store.
 22512 | Snake:3  | Bought a wand of mindburst (6) for 100 gold pieces
 23068 | Snake:4  | Entered Level 4 of the Snake Pit
 23258 | Snake:4  | Reached skill level 15 in Armour
 23810 | Snake:4  | HP: 2/138 [naga/+0 scimitar (16)]
 23813 | Snake:4  | Demolished by a nagaraja

Illustrated notes

Levels and vault maps discovered:
D:1:      dpeg_arrival_castle, layout_rooms, serial_glass, glass_columns_a,
          glass_columns_c, glass_columns_a, glass_columns_a, glass_columns_a,
          glass_columns_b, chequers_hall_statues_corner_a
D:2:      layout_loops_cross, minivault_23
D:3:      layout_loops_ring, kennysheep_generic_room_8
D:4:      layout_loops_ring, serial_shops, nicolae_shop_trees
D:5:      layout_basic, serial_shops, shop, gammafunk_ghost_icy,
          lemuel_old_faithful, uniq_menkaure, uniq_crazy_yiuf_cottage
D:6:      layout_rooms, minmay_temple_entry_slanted, serial_demonic,
          serial_demonic_b, serial_demonic_d, serial_demonic_d,
          serial_demonic_f, serial_demonic_a, serial_demonic_d,
          grunt_decor_one_mirror, nicolae_underground_beach
D:7:      cheibrodos_statue_roulette, layout_rooms, minivault_23
D:8:      layout_loops_cross, nicolae_sextant
D:9:      minmay_the_grid_triangle_9x9_rhombus_thin_mashed
          [minmay_the_grid_triangle_9x9_skeleton,
          minmay_the_grid_triangle_9x9_prize_special,
          minmay_the_grid_triangle_9x9_fully_insulated_deathbox,
          minmay_the_grid_triangle_9x9_flanged_cone], layout_rooms,
          grunt_temple_overflow_open, dreamdust_gnoll_shepherd
D:10:     layout_irregular_city, dpeg_lair_monsters,
          minmay_orc_entry_temple_small, enter_trove_6, serial_shops, shop,
          kennysheep_island_fort
D:11:     layout_roguey, moated_statue, uniq_nergalle, uniq_harold, uniq_urug
D:12:     layout_loops_ring, serial_shops, shop, nicolae_shop_statue_plus,
          minmay_crystal_box
D:13:     layout_cave_pods, erik_vaults_2, uniq_josephine
D:14:     layout_roguey, infiniplex_staircase_zigzag_1, serial_shops,
          nicolae_lakefront_shop, minivault_25_ag
Temple:   hellmonk_temple_divided_pantheon
Lair:1:   layout_cave_pods
Lair:2:   layout_cave_pods, serial_bayou_lake_a
Lair:3:   layout_regular_city, elwin_shoals_entry_rooms,
          guppyfry_snake_entry_island, uniq_kirke
Lair:4:   layout_gridlike, minmay_slime_entry_oklob_open,
          gauntlet_entry_generic, tgw_fedhas
Lair:5:   minmay_lair_end_frog_pond, layout_regular_city,
          portal_ice_cave_demonic_guard
Snake:1:  layout_gridlike, serial_shops, nicolae_shop_trees,
          dpeg_stationary_puzzle, minmay_shop_star
Snake:2:  layout_onion_interference, drop_trap, nicolae_shop_firing_range
Snake:3:  layout_chambers, serial_shops, shop, st_stairs_7,
          nicolae_specific_store, nicolae_snake_salamander_jacuzzi
Snake:4:  grunt_snake_rune_pools, layout_cave_town

Skill      XL: |  1  2  3  4  5  6  7  8  9 10 11 12 13 14 15 16 |
---------------+-------------------------------------------------+-----
Stealth        | 2 |  2.0
Short Blades   | 3 4 |  4.0
Staves         | 2 4 5 6 8 10 13 14 | 14.0
Fighting       | 4 6 10 11 | 11.5
Armour         | 3 4 8 12 15 | 15.0
Dodging        | 4 7 8 13 14 | 14.0
Evocations     | 5 10 | 10.0
Summonings     | 4 6 |  6.0
Throwing       | 3 |  3.0
Ranged Weapons | |  0.2

Action                   |  1- 3 |  4- 6 |  7- 9 | 10-12 | 13-15 | 16-18 || total
-------------------------+-------+-------+-------+-------+-------+-------++-------
Melee: Rapier            |    68 |       |       |       |       |       ||    68
       Lajatang          |       |    39 |   112 |   260 |   686 |   267 ||  1364
       Kick              |       |       |    17 |    80 |   270 |   104 ||   471
       Headbutt          |       |       |       |    52 |   170 |    60 ||   282
 Fire: Sling             |    25 |    13 |       |       |       |       ||    38
Throw: Throwing net      |     3 |       |     1 |     2 |       |       ||     6
       Dart              |       |       |       |     2 |       |       ||     2
       Javelin           |       |       |       |       |     1 |       ||     1
Invok: Call Merchant     |       |       |       |     1 |     2 |       ||     3
Evoke: Wand              |       |       |       |     3 |    12 |       ||    15
  Use: Scroll            |     2 |    11 |     9 |     3 |    11 |     2 ||    38
       Potion            |       |       |     2 |    11 |     3 |     6 ||    22
 Stab: Sleeping          |     2 |     3 |       |     2 |    11 |       ||    18
       Distracted        |       |       |       |     6 |    25 |     5 ||    36
       Invisible         |       |       |       |     1 |     5 |       ||     6
       Paralysed         |       |       |       |     1 |       |       ||     1
Armor: Leather armour    |    19 |     5 |       |       |    44 |       ||    68
       Chain mail        |       |    20 |    30 |    63 |       |       ||   113
       Ring mail         |       |       |       |    24 |    10 |       ||    34
       Plate armour      |       |       |       |       |    23 |   111 ||   134
Dodge: Dodged            |    44 |    18 |    48 |   158 |   403 |   138 ||   809
       Repelled          |       |       |       |     1 |    19 |    24 ||    44

Table legend: (Time is in decaauts)
 A = Elapsed time spent in this place.
 B = Non-inter-level travel time spent in this place.
 C = Inter-level travel time spent in this place.
 D = Time resting spent in this place.
 E = Time spent auto-exploring this place.
 F = Levels seen in this place.
 G = Mean time per level.
                   A        B        C        D        E       F      G
               +--------+--------+--------+--------+--------+-----+--------+
         Total |  23491 |  22240 |   1251 |   2920 |  15312 |  26 |  903.5 |
       Dungeon |  13596 |  12607 |    989 |   2570 |   8085 |  14 |  971.1 |
        Temple |     32 |     32 |      0 |      0 |      0 |   1 |   32.0 |
          Lair |   4507 |   4329 |    178 |      0 |   3661 |   5 |  901.4 |
     Snake Pit |   4189 |   4106 |     83 |    337 |   2884 |   4 | 1047.2 |
      Ice Cave |    708 |    708 |      0 |     13 |    449 |   1 |  708.0 |
      Gauntlet |    457 |    457 |      0 |      0 |    232 |   1 |  457.0 |
               +--------+--------+--------+--------+--------+-----+--------+

Top non-repeatable levels by time:
     D:8: 1850 daAuts
     D:9: 1632 daAuts
 Snake:3: 1497 daAuts
    D:10: 1265 daAuts
     D:5: 1183 daAuts
     D:1: 1077 daAuts
 Snake:1: 1063 daAuts
  Lair:5: 1060 daAuts
  Lair:2: 984 daAuts
     D:6: 982 daAuts
    D:13: 936 daAuts
     D:7: 914 daAuts
 Snake:2: 912 daAuts
    D:11: 863 daAuts
  Lair:3: 863 daAuts
